 Dungeon Crawl Stone Soup version 0.28-a0-1415-g7c84da036a (webtiles) character file.

Game seed: 7949409689507224704

749 Hasart the Sneak (level 8, 0/41 HPs)
             Began as a Kobold Enchanter on Jan 7, 2022.
             Was an Initiate of Hepliaklqana.
             Slain by Menkaure (10 damage)
             ... on level 5 of the Dungeon.
             The game lasted 00:15:41 (7083 turns).

Hasart the Sneak (Kobold Enchanter)                 Turns: 7083, Time: 00:15:41

Health: 0/41       AC:  8    Str:  5    XL:     8   Next: 6%
Magic:  12/14      EV: 15    Int: 18    God:    Hepliaklqana [......]
Gold:   201        SH:  0    Dex: 16    Spells: 9/15 levels left

rFire   . . .      SeeInvis .   a - +1 dagger
rCold   . . .      Faith    .   (no shield)
rNeg    . . .      Spirit   .   m - +3 leather armour
rPois   .          Reflect  .   (no helmet)
rElec   .          Harm     .   h - +1 cloak {Will+}
rCorr   .          Rampage  .   (no gloves)
Will    +....                   (no boots)
Stlth   ++++......              (no amulet)
HPRegen 0.13/turn               o - ring of flight
MPRegen 0.14/turn               (no ring)

@: flying
A: small, no large weapons, nightstalker 3
a: Renounce Religion


You were on level 5 of the Dungeon.
You worshipped Hepliaklqana.
Hepliaklqana was noncommittal.
You visited 2 branches of the dungeon, and saw 6 of its levels.

You collected 201 gold pieces.

Inventory:

Hand Weapons
 a - a +1 dagger (weapon)
 t - a +2 spear of venom
Missiles
 l - a throwing net (quivered)
Armour
 b - a +0 robe
 h - a +1 cloak of willpower (worn)
 m - a +3 leather armour (worn)
Jewellery
 o - a ring of flight (left hand)
Scrolls
 d - a scroll of fog {unknown}
 g - 2 scrolls of teleportation {unknown}
 i - 2 scrolls of blinking {unknown}
 n - a scroll of silence {unknown}
 p - a scroll of noise {unknown}
Potions
 c - a potion of invisibility
 e - a potion of curing {unknown}
 f - a potion of haste {unknown}
 j - a potion of heal wounds {unknown}
 k - a potion of magic {unknown}
 q - a potion of might {unknown}
 r - a potion of flight {unknown}
 s - a potion of brilliance {unknown}
 u - 2 potions of mutation {unknown}


   Skills:
 + Level 4.7 Short Blades
 + Level 4.7 Dodging
 + Level 6.3 Stealth
 + Level 4.0 Spellcasting
 * Level 5.4 Hexes


You had 9 spell levels left.
You knew the following spells:

 Your Spells              Type           Power      Damage    Failure   Level
a - Ensorcelled Hibernat  Hex/Ice        26%        N/A       12%         2
b - Confusing Touch       Hex            23%        N/A       8%          3
c - Slow                  Hex            92%        N/A       2%          1

Your spell library contained the following spells:

 Spells                   Type           Power      Damage    Failure   Level
 Tukima's Dance           Hex            23%        N/A       8%          3
 Apportation              Tloc           6%         N/A       24%         1
 Beastly Appendage        Tmut           6%         N/A       24%         1
 Freeze                   Ice            12%        1d4       24%         1
 Dazzling Flash           Conj/Hex       26%        N/A       24%         3
 Wereblood                Tmut           3%         N/A       36%         2
 Ozocubu's Armour         Ice            3%         N/A       58%         3
 Spider Form              Tmut/Pois      3%         N/A       58%         3
 Ozocubu's Refrigeration  Ice            1%         4d5       100%        7


Dungeon Overview and Level Annotations

Branches:
Dungeon (5/15)             Temple (1/1) D:4

Altars:
Ashenzari
Cheibriados
Dithmenos
Elyvilon
Fedhas
Gozag
Hepliaklqana
Kikubaaqudgha
Nemelex Xobeh
Ru
Sif Muna
Trog
Vehumet
Wu Jian
Xom
Yredelemnul
Zin

Annotations:
D:2 Sigmund
D:5 Menkaure


Innate Abilities, Weirdness & Mutations

You are small and have problems with some larger weapons.
You are completely attuned to the shadows.


Message History

The ufetubus barely misses you. The ufetubus closely misses you.
You barely miss the ufetubus.
The ufetubus is heavily wounded.
The ufetubus completely misses you. The ufetubus misses you.
You barely miss the ufetubus.
The ufetubus is heavily wounded.
The ufetubus barely misses you. The ufetubus hits you.
You hit the ufetubus. Your punch misses the ufetubus.
The ufetubus is almost dead.
The ufetubus completely misses you. The ufetubus barely misses you.
You hit the ufetubus but do no damage.
The ufetubus is almost dead.
The ufetubus closely misses you. The ufetubus misses you.
The ufetubus hits you but does no damage.
The ufetubus closely misses you.
You hit the ufetubus.
You kill the ufetubus!
You see here a +0 leather armour.
An adder comes into view.
An adder is nearby!
The helpless adder fails to defend itself.
You impale the adder!!
You kill the adder!
Menkaure, Prince of Dust comes into view.
Menkaure shouts!
Menkaure calls on the powers of darkness!
Your body is wracked with pain!
Casting: Ensorcelled Hibernation (safe; 12% risk of failure)
Confirm with . or Enter, or press ? or * to list all spells.
Your hands begin to glow red.
You hit Menkaure but do no damage.
Menkaure appears confused.
Menkaure asks, "What the hell are we doing here?
Hmm, I see..."
Menkaure misses you.
You barely miss Menkaure. Menkaure hits you!
* * * LOW HITPOINT WARNING * * *
You hit Menkaure but do no damage. You hit Menkaure but do no damage.
A scorpion zombie comes into view.
Menkaure hits you!
You die...

.####.
.....#
##
.....# #
.....#
.....#
.......#
...##..#
#
....#..#
#
....#..#
...M@..#
###.Z..#
###..#
#..#
#..#


You could see Menkaure (confused) and a scorpion zombie (wandering).

Vanquished Creatures
  An ogre (D:5)
  2 phantoms
  A gnoll sergeant (D:4)
  2 scorpions (D:5)
  A hound (D:5)
  Crazy Yiuf (D:2)
  2 iguanas (D:5)
  A jelly (D:4)
  An orc wizard (D:4)
  6 adders
  3 gnolls
  An ufetubus (D:5)
  An adder skeleton (D:4)
  A dart slug (D:1)
  12 orcs
  A bat (D:1)
  4 endoplasms
  3 giant cockroaches (D:1)
  6 goblins
  7 hobgoblins
  4 jackals (D:1)
  4 kobolds
  3 quokkas
  6 ball pythons
  2 frilled lizards
76 creatures vanquished.

Notes
Turn   | Place    | Note
-------+----------+-------------------------------------------
     0 | D:1      | Hasart the Kobold Enchanter began the quest for the Orb.
     0 | D:1      | Reached XP level 1. HP: 10/10 MP: 3/3
   309 | D:1      | Reached XP level 2. HP: 15/15 MP: 5/5
   451 | D:1      | Learned a level 2 spell: Ensorcelled Hibernation
   596 | D:1      | Reached XP level 3. HP: 9/19 MP: 6/6
  1037 | D:1      | Found a faded altar of an unknown god.
  1238 | D:2      | Found a runed translucent door.
  1241 | D:2      | Noticed Crazy Yiuf
  1248 | D:2      | Learned a level 3 spell: Confusing Touch
  1256 | D:2      | Killed Crazy Yiuf
  1257 | D:2      | Reached XP level 4. HP: 11/24 MP: 6/8
  1519 | D:2      | Noticed Sigmund
  2002 | D:3      | Found a white marble altar of Elyvilon.
  2574 | D:3      | Found a blossoming altar of Fedhas.
  2796 | D:2      | Reached XP level 5. HP: 28/28 MP: 9/9
  2801 | D:2      | Got Hermeneutics for Beginners
  2804 | D:2      | Learned a level 1 spell: Slow
  2912 | D:2      | HP: 1/28 [something (7)]
  3768 | D:4      | Reached skill level 5 in Stealth
  3821 | D:4      | Noticed a phantom
  3941 | D:4      | Killed a phantom
  3942 | D:4      | Reached XP level 6. HP: 9/32 MP: 7/10
  4392 | D:4      | Found an opulent altar of Gozag.
  4700 | D:4      | Found a staircase to the Ecumenical Temple.
  4708 | Temple   | Entered the Ecumenical Temple
  5544 | D:4      | Found a bloodstained altar of Trog.
  5577 | D:4      | Found a hazy altar of Hepliaklqana.
  5577 | D:4      | Found a faded altar of an unknown god.
  5586 | D:4      | Became a worshipper of Hepliaklqana the Forgotten
  5858 | D:4      | Found a glowing silver altar of Zin.
  6049 | D:4      | Reached XP level 7. HP: 33/36 MP: 9/12
  6427 | D:5      | Entered Level 5 of the Dungeon
  6567 | D:5      | Reached skill level 6 in Stealth
  6567 | D:5      | Reached skill level 5 in Hexes
  6679 | D:5      | Found an ancient bone altar of Kikubaaqudgha.
  6816 | D:5      | Reached XP level 8. HP: 41/41 MP: 10/14
  6893 | D:5      | Found a broken altar of Ashenzari.
  7074 | D:5      | Noticed Menkaure
  7083 | D:5      | Slain by Menkaure

Illustrated notes

Levels and vault maps discovered:
D:1:      amcnicky_arrival_choice, layout_basic,
          hellmonk_ecumenical_altar_zigzags
D:2:      layout_rooms, uniq_sigmund, uniq_crazy_yiuf_cottage
D:3:      layout_basic, nicolae_elyvilon_peaceful_grove,
          mainiacjoe_overflow_alcove_2
D:4:      layout_basic, lemuel_coloured_pillars_altar, grunt_gozag_statues,
          lightli_temple_of_fire, beargit_hepliaklqana_dungeon_heroes,
          minmay_temple_entry_grid, minmay_surrounded
D:5:      layout_cave_pods, nicolae_kikubaaqudgha_miasma_corner,
          nicolae_ashenzari_skybound, uniq_menkaure
Temple:   jpeg_temple_island

Skill      XL: |  1  2  3  4  5  6  7 |
---------------+----------------------+-----
Short Blades   | 2 3 4 |  4.7
Dodging        | 3 4 |  4.7
Spellcasting   | 3 4 |  4.0
Stealth        | 5 6 |  6.3
Hexes          | 4 5 |  5.4

Action                   |  1- 3 |  4- 6 |  7- 9 || total
-------------------------+-------+-------+-------++-------
Melee: Dagger            |    66 |   185 |    43 ||   294
       Punch             |     1 |     2 |       ||     3
       Spear             |       |    35 |       ||    35
 Cast: Ensorcelled Hiber |     2 |    15 |    10 ||    27
       Confusing Touch   |       |     7 |     2 ||     9
       Slow              |       |     2 |       ||     2
 Stab: Sleeping          |    10 |    23 |     9 ||    42
       Confused          |       |     4 |     2 ||     6
       Distracted        |       |     1 |       ||     1
Armor: Robe              |     8 |     5 |       ||    13
       Leather armour    |       |    32 |    10 ||    42
Dodge: Dodged            |    49 |   128 |    37 ||   214

Table legend: (Time is in decaauts)
 A = Elapsed time spent in this place.
 B = Non-inter-level travel time spent in this place.
 C = Inter-level travel time spent in this place.
 D = Time resting spent in this place.
 E = Time spent auto-exploring this place.
 F = Levels seen in this place.
 G = Mean time per level.
                   A        B        C        D        E       F      G
               +--------+--------+--------+--------+--------+-----+--------+
         Total |   7047 |   6860 |    187 |   1612 |   4357 |   6 | 1174.5 |
       Dungeon |   6517 |   6367 |    150 |   1612 |   3872 |   5 | 1303.4 |
        Temple |    529 |    492 |     37 |      0 |    485 |   1 |  529.0 |
               +--------+--------+--------+--------+--------+-----+--------+

Top non-repeatable levels by time:
     D:4: 2067 daAuts
     D:3: 2008 daAuts
     D:1: 1172 daAuts
     D:5: 648 daAuts
     D:2: 620 daAuts
  Temple: 529 daAuts
